General information
- name: BNet
- type: Ladder team game (AT/RT)
- host: Battle.net
- saver: IRONCLAD
map: DragonFalls
- players: 8
- length: 29:38
- speed: Fast
- version: 1.28 W3XP
- replay type: Public
» download(200 KB)
Players
team 1 (loser)

»
FamousEagle (
orange | 77 APM | 2020 actions | 26:19)
6 Archmage
2 Summon Water Elemental
3 Brilliance Aura
1 Mass Teleport
» actions
| Assign group hotkey | 33 | |
| Basic commands | 1 | |
| Build / train | 130 | |
| ESC pressed | 1 | |
| Enter build submenu | 20 | |
| Enter hero's abilities submenu | 7 | |
| Give item / drop item | 2 | |
| Remove unit from queue | 1 | |
| Right click | 817 | |
| Select / deselect | 431 | |
| Select group hotkey | 507 | |
| Use ability | 70 | |
2020 total
» units
| Peasant | 60 | |
| Footman | 7 | |
| Rifleman | 2 | |
| Knight | 11 | |
| Sorceress | 5 | |
| Priest | 4 | |
| Thunder Lizard | 1 | |
| Furbolg Shaman | 1 | |
| Troll Batrider | 6 | |
97 total
» upgrades
| Masonry | 1 | |
| Sorceress Training | 2 | |
| Priest Training | 2 | |
| Plating | 1 | |
| Swords | 1 | |
| Animal War Training | 1 | |
8 total
» buildings
| Altar of Kings | 1 | |
| Barracks | 2 | |
| Farm | 10 | |
| Town Hall | 1 | |
| Keep | 3 | |
| Lumber Mill | 1 | |
| Arcane Vault | 1 | |
| Blacksmith | 1 | |
| Scout Tower | 3 | |
| Guard Tower | 3 | |
| Arcane Sanctum | 3 | |
| Castle | 1 | |
30 total
» build order
00:08 Altar of Kings
00:12 Barracks
00:16 Farm
00:43 Farm
01:31 Farm
03:37 Town Hall
03:46 Farm
04:27 Keep
04:28 Keep
04:28 Keep
04:41 Lumber Mill
04:48 Arcane Vault
05:57 Blacksmith
06:00 Farm
06:02 Farm
06:02 Farm
06:07 Scout Tower
06:07 Scout Tower
06:07 Scout Tower
06:41 Guard Tower
07:16 Guard Tower
07:26 Arcane Sanctum
07:44 Arcane Sanctum
08:19 Guard Tower
08:24 Castle
08:32 Arcane Sanctum
10:10 Barracks
10:14 Farm
10:14 Farm
10:15 Farm
» items
| Scroll of Regeneration | 2 | |
| Scroll of Town Portal | 4 | |
| Potion of Mana | 1 | |
| Potion of Healing | 2 | |
| Orb of Lightning | 1 | |
10 total
hexa-stomp-gurl (
green | 58 APM | 1727 actions | 29:36)
7 Blademaster
3 Wind Walk
3 Critical Strike
1 Bladestorm
» actions
| Assign group hotkey | 51 | |
| Basic commands | 41 | |
| Build / train | 74 | |
| Enter build submenu | 24 | |
| Enter hero's abilities submenu | 7 | |
| Give item / drop item | 7 | |
| Remove unit from queue | 1 | |
| Right click | 619 | |
| Select / deselect | 277 | |
| Select group hotkey | 487 | |
| Use ability | 139 | |
1727 total
» units
| Peon | 10 | |
| Grunt | 3 | |
| Goblin Shredder | 3 | |
| Goblin Zeppelin | 2 | |
| Wind Rider | 10 | |
| Kodo Beast | 1 | |
| Green Dragon | 1 | |
| Goblin Sapper | 14 | |
44 total
» upgrades
| Reinforced Defenses | 1 | |
| Ranged Weapons | 3 | |
| Armor | 3 | |
| Envenomed Spears | 1 | |
8 total
» buildings
| Altar of Storms | 1 | |
| Orc Burrow | 5 | |
| Barracks | 1 | |
| Stronghold | 3 | |
| Great Hall | 2 | |
| War Mill | 1 | |
| Fortress | 2 | |
| Watch Tower | 33 | |
| Beastiary | 3 | |
| Voodoo Lounge | 1 | |
52 total
» build order
00:06 Altar of Storms
00:19 Orc Burrow
00:35 Barracks
01:22 Orc Burrow
03:02 Stronghold
03:02 Stronghold
03:46 Great Hall
04:02 Orc Burrow
04:15 War Mill
06:08 Fortress
06:08 Fortress
07:02 Watch Tower
07:03 Watch Tower
07:17 Watch Tower
07:18 Watch Tower
07:18 Watch Tower
07:54 Watch Tower
07:54 Watch Tower
08:06 Beastiary
08:29 Beastiary
09:25 Orc Burrow
10:55 Watch Tower
10:56 Watch Tower
10:56 Watch Tower
10:57 Watch Tower
10:59 Watch Tower
11:35 Watch Tower
11:35 Watch Tower
11:42 Watch Tower
11:42 Watch Tower
11:43 Watch Tower
11:43 Watch Tower
11:45 Watch Tower
12:43 Voodoo Lounge
13:21 Orc Burrow
14:21 Great Hall
14:22 Watch Tower
14:23 Watch Tower
14:23 Watch Tower
14:24 Watch Tower
14:24 Watch Tower
14:25 Watch Tower
14:25 Watch Tower
16:43 Watch Tower
16:43 Watch Tower
16:44 Watch Tower
16:45 Watch Tower
16:45 Watch Tower
16:46 Watch Tower
17:29 Watch Tower
20:26 Beastiary
21:01 Stronghold
» items
| Healing Salve | 2 | |
| Staff of Teleportation | 1 | |
| Potion of Mana | 1 | |
| Scroll of Town Portal | 2 | |
6 total
stoneybonzai (
pink | 88 APM | 2498 actions | 28:23)
5 Blademaster
2 Wind Walk
3 Critical Strike
3 Shadow Hunter
2 Healing Wave
1 Hex
» actions
| Assign group hotkey | 28 | |
| Basic commands | 40 | |
| Build / train | 73 | |
| ESC pressed | 3 | |
| Enter build submenu | 31 | |
| Enter hero's abilities submenu | 8 | |
| Give item / drop item | 3 | |
| Right click | 799 | |
| Select / deselect | 481 | |
| Select group hotkey | 969 | |
| Use ability | 63 | |
2498 total
» units
| Peon | 14 | |
| Grunt | 7 | |
| Shaman | 7 | |
| Troll Batrider | 15 | |
| Tauren | 6 | |
49 total
» upgrades
| Shaman Training | 2 | |
| Pulverize | 1 | |
| Reinforced Defenses | 1 | |
4 total
» buildings
| Altar of Storms | 1 | |
| Orc Burrow | 10 | |
| Barracks | 1 | |
| Voodoo Lounge | 1 | |
| War Mill | 1 | |
| Stronghold | 1 | |
| Watch Tower | 6 | |
| Fortress | 1 | |
| Spirit Lodge | 2 | |
| Tauren Totem | 1 | |
| Great Hall | 1 | |
26 total
» build order
00:08 Altar of Storms
00:24 Orc Burrow
00:45 Barracks
01:43 Orc Burrow
01:58 Voodoo Lounge
03:38 Orc Burrow
03:51 War Mill
04:21 Stronghold
05:09 Watch Tower
05:16 Watch Tower
06:11 Orc Burrow
07:00 Fortress
07:15 Spirit Lodge
07:22 Spirit Lodge
08:44 Orc Burrow
08:52 Orc Burrow
10:28 Watch Tower
10:47 Tauren Totem
11:25 Orc Burrow
15:03 Orc Burrow
15:07 Watch Tower
21:38 Orc Burrow
21:40 Orc Burrow
22:26 Great Hall
22:29 Watch Tower
22:32 Watch Tower
» items
| Healing Salve | 3 | |
| Scroll of Speed | 2 | |
| Lesser Clarity Potion | 1 | |
| Orb of Lightning | 1 | |
| Scroll of Town Portal | 1 | |
8 total

»
huh86rfjo (
yellow | 24 APM | 260 actions | 10:51)
3 Shadow Hunter
1 Hex
1 Serpent Ward
1 Healing Wave
» actions
| Basic commands | 51 | |
| Build / train | 30 | |
| ESC pressed | 4 | |
| Enter build submenu | 15 | |
| Enter hero's abilities submenu | 3 | |
| Right click | 9 | |
| Select / deselect | 105 | |
| Use ability | 43 | |
260 total
» units
| Peon | 11 | |
| Grunt | 4 | |
| Troll Headhunter/Berserker | 1 | |
| Troll Batrider | 6 | |
22 total
» upgrades
» buildings
| Orc Burrow | 3 | |
| War Mill | 1 | |
| Altar of Storms | 1 | |
| Barracks | 2 | |
| Voodoo Lounge | 1 | |
| Stronghold | 1 | |
| Watch Tower | 1 | |
| Great Hall | 1 | |
| Beastiary | 4 | |
| Fortress | 1 | |
16 total
» build order
00:25 Orc Burrow
00:41 War Mill
00:54 Altar of Storms
01:28 Orc Burrow
01:46 Barracks
02:08 Voodoo Lounge
02:27 Barracks
02:38 Orc Burrow
04:13 Stronghold
05:42 Watch Tower
06:23 Great Hall
06:36 Beastiary
06:38 Fortress
06:47 Beastiary
06:55 Beastiary
06:57 Beastiary
» items
team 2 (winner)
THEWOLVERINE (
purple | 45 APM | 1340 actions | 29:37)
10 Blademaster
3 Wind Walk
3 Critical Strike
1 Bladestorm
3 Mirror Image
» actions
| Assign group hotkey | 41 | |
| Basic commands | 29 | |
| Build / train | 67 | |
| Enter build submenu | 43 | |
| Enter hero's abilities submenu | 10 | |
| Give item / drop item | 7 | |
| Right click | 643 | |
| Select / deselect | 224 | |
| Select group hotkey | 112 | |
| Use ability | 163 | |
1340 total
» units
| Peon | 9 | |
| Grunt | 8 | |
| Goblin Shredder | 1 | |
| Goblin Zeppelin | 3 | |
| Demolisher | 2 | |
| Green Dragon | 1 | |
24 total
» upgrades
| Reinforced Defenses | 1 | |
| Burning Oil | 1 | |
| Ranged Weapons | 2 | |
| Armor | 2 | |
6 total
» buildings
| Orc Burrow | 3 | |
| Altar of Storms | 1 | |
| Barracks | 3 | |
| Voodoo Lounge | 1 | |
| War Mill | 2 | |
| Stronghold | 1 | |
| Great Hall | 1 | |
| Watch Tower | 38 | |
| Fortress | 1 | |
| Beastiary | 4 | |
55 total
» build order
00:11 Orc Burrow
01:02 Orc Burrow
01:07 Altar of Storms
01:10 Barracks
01:40 Voodoo Lounge
02:24 War Mill
03:59 Stronghold
04:25 Orc Burrow
04:48 Great Hall
05:20 Watch Tower
05:20 Watch Tower
05:20 Watch Tower
05:28 Watch Tower
05:28 Watch Tower
05:28 Watch Tower
07:46 Watch Tower
07:47 Watch Tower
07:47 Watch Tower
07:47 Watch Tower
08:29 Fortress
09:13 Watch Tower
09:14 Watch Tower
09:15 Watch Tower
09:16 Watch Tower
09:18 Watch Tower
11:58 Beastiary
11:59 Beastiary
12:00 Beastiary
12:02 Beastiary
14:45 Watch Tower
14:46 Watch Tower
14:54 Watch Tower
14:55 Watch Tower
14:56 Watch Tower
14:57 Watch Tower
14:58 Watch Tower
14:58 Watch Tower
19:17 Barracks
19:18 Barracks
19:26 Watch Tower
19:26 Watch Tower
19:26 Watch Tower
19:27 Watch Tower
19:27 Watch Tower
19:29 Watch Tower
19:30 Watch Tower
19:30 Watch Tower
19:30 Watch Tower
19:31 Watch Tower
19:39 Watch Tower
19:39 Watch Tower
19:40 Watch Tower
19:40 Watch Tower
19:41 Watch Tower
20:30 War Mill
» items
| Healing Salve | 4 | |
| Scroll of Town Portal | 4 | |
| Lesser Clarity Potion | 4 | |
| Potion of Mana | 6 | |
| Orb of Lightning | 1 | |
| Potion of Healing | 3 | |
| Periapt of Vitality | 1 | |
| Staff of Teleportation | 1 | |
24 total
IRONCLAD (
red | 125 APM | 3703 actions | 29:38)
6 Archmage
3 Summon Water Elemental
2 Brilliance Aura
1 Mass Teleport
5 Mountain King
3 Storm Bolt
2 Bash
» actions
| Assign group hotkey | 159 | |
| Basic commands | 165 | |
| Build / train | 189 | |
| ESC pressed | 2 | |
| Enter build submenu | 67 | |
| Enter hero's abilities submenu | 13 | |
| Give item / drop item | 3 | |
| Right click | 1061 | |
| Select / deselect | 441 | |
| Select group hotkey | 1358 | |
| Use ability | 245 | |
3703 total
» units
| Peasant | 13 | |
| Footman | 4 | |
| Goblin Shredder | 6 | |
| Goblin Zeppelin | 5 | |
| Knight | 2 | |
| Spell Breaker | 2 | |
| Mortar Team | 3 | |
| Priest | 3 | |
| Rifleman | 3 | |
| Sorceress | 1 | |
42 total
» upgrades
| Masonry | 3 | |
| Priest Training | 2 | |
| Sorceress Training | 2 | |
| Long Rifles | 1 | |
| Plating | 3 | |
| Gunpowder | 4 | |
| Swords | 3 | |
| Armor | 3 | |
| Animal War Training | 1 | |
| Barrage | 1 | |
| Control Magic | 2 | |
| Lumber Harvesting | 1 | |
| Fragmentation Shards | 1 | |
27 total
» buildings
| Altar of Kings | 1 | |
| Barracks | 2 | |
| Farm | 13 | |
| Lumber Mill | 2 | |
| Arcane Vault | 1 | |
| Keep | 3 | |
| Town Hall | 2 | |
| Scout Tower | 28 | |
| Guard Tower | 56 | |
| Castle | 5 | |
| Arcane Sanctum | 2 | |
| Blacksmith | 2 | |
| Workshop | 4 | |
| Gryphon Aviary | 1 | |
| Cannon Tower | 9 | |
131 total
» build order
00:52 Altar of Kings
00:54 Barracks
00:57 Farm
01:04 Farm
01:07 Farm
01:46 Lumber Mill
02:16 Arcane Vault
02:45 Farm
03:48 Keep
03:48 Keep
04:32 Town Hall
05:28 Scout Tower
05:32 Scout Tower
06:21 Guard Tower
06:21 Guard Tower
06:22 Guard Tower
06:22 Castle
06:22 Castle
06:23 Castle
06:26 Scout Tower
06:28 Scout Tower
06:30 Scout Tower
07:42 Guard Tower
07:42 Guard Tower
07:42 Guard Tower
07:47 Scout Tower
07:49 Scout Tower
07:49 Scout Tower
07:50 Scout Tower
08:56 Guard Tower
08:56 Guard Tower
08:56 Guard Tower
08:56 Guard Tower
09:43 Arcane Sanctum
09:45 Arcane Sanctum
10:18 Blacksmith
10:24 Blacksmith
11:18 Farm
11:24 Scout Tower
11:40 Barracks
11:45 Workshop
12:07 Guard Tower
12:07 Guard Tower
12:07 Guard Tower
12:08 Scout Tower
12:13 Scout Tower
12:17 Scout Tower
12:18 Scout Tower
12:24 Scout Tower
12:40 Guard Tower
12:40 Guard Tower
12:40 Guard Tower
12:46 Guard Tower
12:46 Guard Tower
12:47 Guard Tower
12:47 Guard Tower
12:58 Workshop
13:19 Guard Tower
13:19 Guard Tower
13:24 Scout Tower
13:27 Scout Tower
13:32 Guard Tower
13:32 Guard Tower
13:32 Guard Tower
14:32 Workshop
14:34 Workshop
14:39 Gryphon Aviary
14:54 Guard Tower
14:55 Guard Tower
17:35 Farm
17:35 Farm
17:36 Farm
17:37 Farm
19:28 Town Hall
19:29 Scout Tower
19:30 Scout Tower
19:31 Scout Tower
19:33 Scout Tower
19:39 Scout Tower
19:40 Scout Tower
19:41 Scout Tower
20:07 Guard Tower
20:08 Guard Tower
20:08 Guard Tower
20:08 Guard Tower
20:08 Guard Tower
20:19 Guard Tower
20:19 Guard Tower
20:19 Guard Tower
20:30 Guard Tower
20:30 Guard Tower
20:31 Guard Tower
20:31 Guard Tower
21:19 Farm
21:21 Farm
21:28 Farm
21:29 Farm
21:32 Scout Tower
21:35 Scout Tower
21:37 Scout Tower
21:40 Scout Tower
22:18 Guard Tower
22:18 Guard Tower
22:18 Guard Tower
22:35 Cannon Tower
22:35 Cannon Tower
22:35 Cannon Tower
22:35 Cannon Tower
22:36 Cannon Tower
22:36 Cannon Tower
22:43 Lumber Mill
25:25 Guard Tower
» items
| Scroll of Regeneration | 3 | |
| Mechanical Critter | 2 | |
| Periapt of Vitality | 5 | |
| Boots of Speed | 1 | |
| Circlet of Nobility | 2 | |
| Staff of Teleportation | 1 | |
| Scroll of Town Portal | 1 | |
| Staff of Sanctuary | 1 | |
16 total

»
the_M4sses (
blue | 50 APM | 977 actions | 19:35)
3 Warden
2 Shadow Strike
1 Blink
» actions
| Assign group hotkey | 13 | |
| Basic commands | 53 | |
| Build / train | 58 | |
| Enter build submenu | 15 | |
| Enter hero's abilities submenu | 3 | |
| Give item / drop item | 1 | |
| Remove unit from queue | 9 | |
| Right click | 533 | |
| Select / deselect | 158 | |
| Select group hotkey | 86 | |
| Use ability | 48 | |
977 total
» units
| Wisp | 10 | |
| Archer | 10 | |
| Huntress | 5 | |
| Druid of the Claw | 2 | |
| Druid of the Talon | 6 | |
33 total
» upgrades
| Strength of the Moon | 2 | |
| Strength of the Wild | 1 | |
| Druid of the Claw Training | 1 | |
4 total
» buildings
| Altar of Elders | 1 | |
| Moon Well | 6 | |
| Ancient of War | 3 | |
| Hunter's Hall | 1 | |
| Ancient of Wonders | 1 | |
| Tree of Ages | 1 | |
| Ancient of Wind | 1 | |
| Ancient of Lore | 1 | |
| Tree of Eternity | 1 | |
16 total
» build order
00:10 Altar of Elders
00:17 Moon Well
01:01 Ancient of War
02:21 Ancient of War
03:19 Moon Well
03:26 Hunter's Hall
04:39 Ancient of Wonders
06:21 Moon Well
08:08 Tree of Ages
08:11 Ancient of War
09:56 Moon Well
09:57 Moon Well
09:58 Moon Well
12:24 Ancient of Wind
12:30 Ancient of Lore
14:19 Tree of Eternity
» items
| Boots of Speed | 1 | |
| Circlet of Nobility | 1 | |
| Staff of Teleportation | 1 | |
| Lesser Clarity Potion | 1 | |
| Staff of Sanctuary | 1 | |
| Staff of Preservation | 1 | |
6 total
vertigo.flowers (
teal | 71 APM | 1356 actions | 19:13)
3 Archmage
2 Summon Water Elemental
1 Brilliance Aura
» actions
| Assign group hotkey | 114 | |
| Build / train | 101 | |
| Enter build submenu | 22 | |
| Enter hero's abilities submenu | 3 | |
| Remove unit from queue | 2 | |
| Right click | 508 | |
| Select / deselect | 207 | |
| Select group hotkey | 309 | |
| Use ability | 90 | |
1356 total
» units
| Peasant | 12 | |
| Footman | 13 | |
| Rifleman | 7 | |
| Mortar Team | 3 | |
| Flying Machine | 14 | |
49 total
» upgrades
| Lumber Harvesting | 1 | |
| Long Rifles | 1 | |
| Fragmentation Shards | 1 | |
| Flak Cannons | 1 | |
| Flying Machine Bombs | 1 | |
| Masonry | 2 | |
| Flare | 1 | |
| Gunpowder | 1 | |
9 total
» buildings
| Altar of Kings | 1 | |
| Farm | 7 | |
| Barracks | 2 | |
| Lumber Mill | 2 | |
| Blacksmith | 1 | |
| Arcane Vault | 1 | |
| Scout Tower | 3 | |
| Keep | 3 | |
| Guard Tower | 5 | |
| Workshop | 3 | |
| Castle | 2 | |
| Town Hall | 1 | |
31 total
» build order
00:16 Altar of Kings
00:19 Farm
00:33 Barracks
00:57 Farm
01:32 Lumber Mill
01:48 Farm
02:37 Farm
03:09 Blacksmith
03:23 Farm
03:38 Arcane Vault
04:04 Scout Tower
04:24 Keep
04:24 Keep
04:28 Barracks
04:44 Guard Tower
04:46 Farm
05:28 Scout Tower
06:11 Guard Tower
06:13 Scout Tower
06:46 Guard Tower
06:48 Workshop
08:20 Castle
08:21 Castle
09:54 Town Hall
10:29 Farm
11:46 Workshop
13:31 Lumber Mill
15:18 Workshop
» items
| Scroll of Regeneration | 10 | |
| Lesser Clarity Potion | 1 | |
| Scroll of Town Portal | 3 | |
| Scroll of Healing | 1 | |
| Potion of Healing | 3 | |
18 total
Chat log
(00:13 / Allies) IRONCLAD: you take outside base since it's closer to you imo
(00:19 / Allies) THEWOLVERINE: aite
(01:19 / Allies) the_M4sses: fucking creeps
(05:01 / Allies) IRONCLAD: creep this together??
(05:04 / Allies) THEWOLVERINE: k
(05:04 / Allies) IRONCLAD: might get lucky and u get a pendant
(05:06 / Allies) the_M4sses: omw
(05:09 / Allies) vertigo.flowers: take blue
(05:10 / Allies) vertigo.flowers: expo
(05:17 / Allies) IRONCLAD: don't need your warden helping us there blue
(05:21 / Allies) IRONCLAD: I meant me and purp
(05:25 / Allies) IRONCLAD: your hero is just leeching xp
(05:30 / Allies) the_M4sses: k
(05:35 / Allies) IRONCLAD: ty
(05:52 / Allies) THEWOLVERINE: if pendant I want
(05:54 / Allies) IRONCLAD: yeah
(06:15 / Allies) THEWOLVERINE: creep both shreddars
(06:18 / Allies) IRONCLAD: kk
(06:38 / Allies) the_M4sses: lets harass
(07:08 / Allies) IRONCLAD: nice
(07:11 / Allies) THEWOLVERINE: didn't mean to take that int tome lawl
(07:12 / Allies) IRONCLAD: +6 agi boots
(07:36 / Allies) THEWOLVERINE: meant to position closer to item but clicked tome
(08:37 / Allies) IRONCLAD: shit item
(08:39 / Allies) THEWOLVERINE: lawl can I has tho
(08:46 / Allies) THEWOLVERINE: they're good on bm
(08:48 / Allies) IRONCLAD: aight it sucks anyway lawl
(08:53 / Allies) THEWOLVERINE: like 1/3rd of a mask of death
(08:58 / Allies) IRONCLAD: welfare mask of death
(09:02 / Allies) THEWOLVERINE: yeah lawl
(09:31 / Allies) IRONCLAD: gave yo ucontrol for my critters
(09:39 / Allies) THEWOLVERINE: aite
(10:54 / All) THEWOLVERINE: lawl
(10:56 / All) IRONCLAD: lol
(10:59 / Allies) the_M4sses: rip
(14:04 / Allies) vertigo.flowers: b
(15:18 / Allies) the_M4sses: help
(15:26 / Allies) IRONCLAD: xp leecher scum
(15:31 / Allies) the_M4sses: ass
(15:38 / Allies) IRONCLAD: I won't help you but I'll leech you xp as they kill your base
(15:49 / Allies) the_M4sses: dick
(15:53 / Allies) IRONCLAD: you're a dick
(16:00 / Allies) the_M4sses: i didnt even leech yo xp
(16:06 / Allies) the_M4sses: just offered to :p
(16:07 / Allies) IRONCLAD: you tped last sec to a hero kill
(16:08 / Allies) IRONCLAD: just to leech it
(16:11 / Allies) IRONCLAD: at my base
(16:17 / Allies) vertigo.flowers: its over
(18:33 / All) THEWOLVERINE: U TERK MY DRAGON
(18:46 / Allies) vertigo.flowers: how did we lose
(18:51 / Allies) the_M4sses: cuz red is a dick
(18:58 / Allies) IRONCLAD: little cocksucker blue
(19:00 / Allies) vertigo.flowers: im so mad
(19:04 / Allies) the_M4sses: nigger
(19:22 / All) stoneybonzai: ouch...3v4
(19:32 / Allies) the_M4sses: nigger
(20:46 / Allies) IRONCLAD: lumber me if you can
(20:51 / All) stoneybonzai: haha purple
(21:01 / Allies) IRONCLAD: ty
(22:16 / All) THEWOLVERINE: AND STAY OUT
(24:40 / All) THEWOLVERINE: getting molested boys
(24:43 / All) THEWOLVERINE: nostalgic?
(24:49 / All) stoneybonzai: green tking
(24:55 / All) stoneybonzai: would have killed u
(25:14 / All) IRONCLAD: pink you got molested lol
(25:18 / All) THEWOLVERINE: remember when ur dear ol dad
(25:24 / All) THEWOLVERINE: used to sneak in at night
(25:26 / All) stoneybonzai: whatever u say
(25:28 / All) THEWOLVERINE: and rape your tight lil butthole?
(25:35 / All) THEWOLVERINE: remind you of that?
(25:37 / All) hexa-stomp-gurl: i barely even touched pink
(25:39 / All) hexa-stomp-gurl: its 2v2
(25:46 / All) stoneybonzai: dude green u killed my hero
(25:52 / All) hexa-stomp-gurl: u would have lost it anyways lol
(25:58 / All) stoneybonzai: no
(26:01 / All) stoneybonzai: u fukin idiot
(26:08 / All) hexa-stomp-gurl: its 2v2 u should be winning
(26:12 / All) hexa-stomp-gurl: ur losing fair and square
(26:17 / All) stoneybonzai: fuck u man
(26:50 / All) stoneybonzai: u guys only might win cause of green
(26:56 / All) hexa-stomp-gurl: lol
(27:01 / All) IRONCLAD: make excuses, bitch
(27:05 / All) THEWOLVERINE: raped
(27:11 / All) stoneybonzai: hahahaha
(27:14 / All) stoneybonzai: u guys r stupid
(27:15 / All) THEWOLVERINE: virtual rape
(27:16 / All) hexa-stomp-gurl: u guys won 2v2, pink can't admit it
(27:22 / All) stoneybonzai: 2v2???
(27:26 / All) stoneybonzai: wtf r u talking about
(27:44 / All) stoneybonzai: purple u suck
(27:47 / All) stoneybonzai: and red is worse
(27:50 / All) hexa-stomp-gurl: at purples expo . actually red didnt evne help
(27:51 / All) IRONCLAD: lol
(27:53 / All) hexa-stomp-gurl: u guys lost 2v1
(28:02 / All) stoneybonzai: who is u guys?
(28:06 / All) stoneybonzai: u realize ur on our team green
(28:08 / All) hexa-stomp-gurl: u and oj
(28:13 / All) hexa-stomp-gurl: im neutral
(28:15 / All) stoneybonzai: ur a fucking idiot
(28:17 / All) stoneybonzai: we were killing them
(28:20 / All) stoneybonzai: my god
(28:22 / All) THEWOLVERINE: green is switzerland
(28:28 / All) THEWOLVERINE: lol
(28:34 / All) IRONCLAD: fun game
(28:37 / All) hexa-stomp-gurl: gonna rape purples bm real quick
(28:52 / All) hexa-stomp-gurl: hax
(28:55 / All) IRONCLAD: raped so fast you couldn't kill 1 priest
(29:08 / All) hexa-stomp-gurl: me leave?
(29:17 / All) IRONCLAD: stats
(29:20 / All) hexa-stomp-gurl: me take break after this gonna watch true det
(29:31 / All) IRONCLAD: our team shit stats
(29:33 / All) IRONCLAD: yours lose